 Dungeon Crawl Stone Soup version 0.29.1-4-g47bece8355 (webtiles) character file.

Game seed: 3547353821171139495

87 iamoutofideas the Chopper (level 4, -2/40 HPs)
             Began as a Hill Orc Monk on Dec 8, 2022.
             Slain by a gnoll
             ... wielding a +0 flail
              (5 damage)
             ... on level 3 of the Dungeon.
             The game lasted 00:02:42 (3285 turns).

iamoutofideas the Chopper (Hill Orc Monk)           Turns: 3285, Time: 00:02:43

Health: -2/40      AC:  5    Str: 15    XL:     4   Next: 51%
Magic:  4/4        EV: 11    Int: 10    God:
Gold:   139        SH:  0    Dex: 13    Spells: 3/3 levels left

rFire   + . .      SeeInvis .   a - +0 hand axe
rCold   . . .      Faith    .   (no shield)
rNeg    + . .      Spirit   .   g - +0 ring mail
rPois   .          Reflect  .   (no helmet)
rElec   .          Harm     .   (no cloak)
rCorr   .          Rampage  .   (no gloves)
Will    .....                   (no boots)
Stlth   +.........              (no amulet)
HPRegen 0.13/turn               i - ring of protection from fire
MPRegen 0.09/turn               k - ring of positive energy

@: no status effects
A: no striking features
a: no special abilities


You were on level 3 of the Dungeon.
You visited 1 branch of the dungeon, and saw 3 of its levels.

You collected 139 gold pieces.

Inventory:

Hand Weapons
 a - a +0 hand axe (weapon)
Missiles
 l - 2 poisoned darts (quivered)
Armour
 b - a +0 robe
 g - a +0 ring mail (worn)
Jewellery
 i - a ring of protection from fire (left hand)
 k - a ring of positive energy (right hand)
Scrolls
 c - a scroll of acquirement {unknown}
 d - 2 scrolls of teleportation {unknown}
 f - a scroll of vulnerability {unknown}
 h - a scroll of fear {unknown}
 j - 3 scrolls of identify {unknown}
 m - a scroll of magic mapping {unknown}
Potions
 e - a potion of curing {unknown}


   Skills:
 - Level 4.0 Fighting
 + Level 5.3 Axes
 + Level 1.4 Armour
 - Level 3.0 Dodging
 - Level 1.9 Stealth


You had 3 spell levels left.
You didn't know any spells.
Your spell library contained the following spells:

 Spells                   Type           Power      Damage    Failure   Level
 Blink                    Tloc           0%         N/A       73%         2
 Manifold Assault         Tloc           0%         N/A       100%        5
 Storm Form               Tmut/Air       0%         N/A       100%        7


Dungeon Overview and Level Annotations

Branches:
Dungeon (3/15)

Altars:

Annotations:
D:1 exclusion: 2 downstairs
D:2 exclusion: downstairs


Message History

You hit the gnoll.
The gnoll is moderately wounded.
The gnoll hits you from afar with a +0 spear.
The gnoll closely misses you.
You hit the gnoll.
The gnoll is severely wounded.
The gnoll hits you with a +0 flail. The gnoll hits you but does no damage.
You hit the gnoll but do no damage.
The gnoll is severely wounded.
The gnoll barely misses you. The gnoll closely misses you.
The gnoll barely misses you.
The gnoll hits you from afar with a +0 spear.
You hit the gnoll.
You kill the gnoll!
The gnoll closely misses you.
You closely miss the gnoll. The gnoll barely misses you.
The gnoll hits you from afar with a +0 spear.
You hit the gnoll.
The gnoll is moderately wounded.
The gnoll hits you with a +0 flail! The gnoll barely misses you.
You closely miss the gnoll.
The gnoll is moderately wounded.
The gnoll misses you. The gnoll hits you with a +0 flail.
* * * LOW HITPOINT WARNING * * *
You are too injured to fight recklessly!
You are too injured to fight recklessly!
You hit the gnoll.
The gnoll is heavily wounded.
The gnoll hits you from afar with a +0 spear!
* * * LOW HITPOINT WARNING * * *
The gnoll hits you but does no damage.
You are too injured to fight recklessly!
You hit the gnoll but do no damage.
The gnoll is heavily wounded.
The gnoll misses you. The gnoll barely misses you.
You are too injured to fight recklessly!
The gnoll attacks as you move away! The gnoll barely misses you.
The gnoll attacks as you move away! The gnoll closely misses you.
The gnoll attacks as you move away! The gnoll hits you with a +0 flail.
You die...

#### #.. #.#
#.######.#####
........g.g).#
#.#####@####.#
#.##....# .#
#.##.#### #
#.#..# ##.#.##
#.####....#
........####
#.#........#
#.#.###..###


You could see 2 gnolls.

Vanquished Creatures
  4 gnolls
  An adder (D:2)
  2 worms (D:2)
  A dart slug (D:1)
  2 endoplasms
  2 giant cockroaches
  5 hobgoblins
  4 jackals (D:1)
  A quokka (D:2)
  3 bats
  3 frilled lizards
  A goblin (D:1)
  2 kobolds
  2 rats
33 creatures vanquished.

Notes
Turn   | Place    | Note
-------+----------+-------------------------------------------
     0 | D:1      | iamoutofideas the Hill Orc Monk began the quest for the
                  | Orb.
     0 | D:1      | Reached XP level 1. HP: 19/19 MP: 1/1
    48 | D:1      | Found a faded altar of an unknown god.
   252 | D:1      | Reached XP level 2. HP: 27/27 MP: 2/2
   759 | D:2      | Reached XP level 3. HP: 24/33 MP: 3/3
  1159 | D:2      | HP: 1/33 [gnoll/+0 spear (6)]
  2038 | D:2      | Reached skill level 5 in Axes
  2038 | D:2      | Reached XP level 4. HP: 20/40 MP: 4/4
  2348 | D:2      | Reached skill level 1 in Armour
  2843 | D:2      | HP: 2/40 [poisoned by a kobold]
  3285 | D:3      | Slain by a gnoll

Illustrated notes

Levels and vault maps discovered:
D:1:      lemuel_arrival_room, layout_rooms, ebering_ecumenical_altar_box
D:2:      layout_rooms
D:3:      layout_rooms, gammafunk_temple_overflow_elements,
          mainiacjoe_overflow_24_doors, interstate_on_off

Skill      XL: |  1  2  3  4 |
---------------+-------------+-----
Fighting       | 4 |  4.0
Dodging        | 3 |  3.0
Axes           | 5 |  5.3
Armour         | 1 |  1.4
Stealth        | |  1.9

Action                   |  1- 3 |  4- 6 || total
-------------------------+-------+-------++-------
Melee: Hand axe          |   115 |    53 ||   168
  Use: Potion            |     2 |       ||     2
Armor: Robe              |    14 |       ||    14
       Ring mail         |    16 |    12 ||    28
Dodge: Dodged            |    93 |    28 ||   121
